 Dungeon Crawl Stone Soup version 0.23-a0-639-ga9a3373214 (webtiles) character file.

1527 CheiIsBae the Conjurer (level 8, -5/57 HPs)
             Began as a Green Draconian Ice Elementalist on Dec 29, 2018.
             Was a Follower of Vehumet.
             Slain by a hornet zombie (8 damage)
             ... on level 6 of the Dungeon.
             The game lasted 00:13:11 (6982 turns).

CheiIsBae the Conjurer (DrIE)                       Turns: 6982, Time: 00:13:12

Health: -5/57      AC:  6    Str: 10    XL:     8   Next: 55%
Magic:  33/33      EV: 12    Int: 24    God:    Vehumet [*.....]
Gold:   407        SH:  0    Dex: 18    Spells: 6/17 levels left

rFire    . . .     SeeInvis .   u - +1 spear of Pushred {venom, MP+9 Dex+7}
rCold    . . .     Gourm    .   (no shield)
rNeg     . . .     Faith    .   (armour unavailable)
rPois    +         Spirit   .   (helmet restricted)
rElec    .         Reflect  .   (no cloak)
rCorr    .         Harm     .   (no gloves)
MR       .....                  (no boots)
Stlth    ++........             (no amulet)
HPRegen  0.19/turn              i - ring of magical power
MPRegen  0.23/turn              t - ring of wizardry

@: brilliant
A: breathe noxious fumes, unfitting armour, poison resistance, cold-blooded, AC
+6
a: Breathe Noxious Fumes, Renounce Religion


You were on level 6 of the Dungeon.
You worshipped Vehumet.
Vehumet was aware of your devotion.
You were not hungry.

You visited 2 branches of the dungeon, and saw 7 of its levels.

You collected 407 gold pieces.

Inventory:

Hand Weapons
 u - the +1 spear of Pushred (weapon) {venom, MP+9 Dex+7}
   (You found it on level 6 of the Dungeon)

   It poisons the flesh of those it strikes.
   It affects your dexterity (+7).
   It affects your magic capacity (+9).
Armour
 n - a +0 buckler
Jewellery
 d - an uncursed ring of resist corrosion
 i - a ring of magical power (left hand)
 t - a ring of wizardry (right hand)
Wands
 o - a wand of paralysis (24)
Scrolls
 c - 4 scrolls of enchant weapon
 e - a scroll of immolation {unknown}
 f - 5 scrolls of teleportation
 g - 5 scrolls of remove curse
 p - 2 scrolls of enchant armour
 r - 3 scrolls of identify
Potions
 a - 2 potions of mutation {unknown}
 h - a potion of resistance {unknown}
 j - 6 potions of curing
 l - 2 potions of haste {unknown}
 m - 3 potions of brilliance
 q - a potion of heal wounds {unknown}
 s - a potion of cancellation {unknown}
Comestibles
 b - 12 rations


   Skills:
 - Level 1.7 Dodging
 - Level 1.7 Stealth
 + Level 5.1 Spellcasting
 * Level 6.9 Conjurations
 - Level 1.5 Summonings
 * Level 6.7 Ice Magic


You had 6 spell levels left.
You knew the following spells:

 Your Spells              Type           Power        Failure   Level  Hunger
a - Freeze                Ice            ####         1%          1    None
b - Throw Frost           Conj/Ice       ######       1%          2    None
c - Throw Icicle          Conj/Ice       ######..     1%          4    ####...
d - Summon Ice Beast      Ice/Summ       #####...     1%          4    ####...

Your spell library contained the following spells:

 Spells                   Type           Power        Failure   Level  Hunger
 Shock                    Conj/Air       ####         1%          1    None
 Animate Skeleton         Necr           N/A          1%          1    None
 Apportation              Tloc           ###...       1%          1    None
 Confusing Touch          Hex            ###...       1%          1    None
 Summon Small Mammal      Summ           ####         1%          1    None
 Ozocubu's Armour         Chrm/Ice       #####...     1%          3    ##.....


Dungeon Overview and Level Annotations

Branches:
Dungeon (6/15)             Temple (1/1) D:4

Altars:
Cheibriados
Dithmenos
Elyvilon
Fedhas
Gozag
Hepliaklqana
Kikubaaqudgha
Makhleb
Nemelex Xobeh
Okawaru
Qazlal
Ru
Sif Muna
Trog
Uskayaw
Vehumet
Wu Jian
Yredelemnul
Zin
The Shining One


Innate Abilities, Weirdness & Mutations

You can breathe blasts of noxious fumes.
Your lurid green scales are hard. (AC +6)
You cannot fit into any form of body armour.
Your system is resistant to poisons. (rPois)
You are cold-blooded and may be slowed by cold attacks.


Message History

The hornet zombie hits you but does no damage.
The shadow imp hits you.
You barely miss the hornet zombie.
The hornet zombie is moderately damaged.
The hornet zombie misses you.
The shadow imp hits you but does no damage.
The hornet zombie hits you but does no damage.
You hit the hornet zombie.
Your tail-slap misses the hornet zombie.
The hornet zombie is moderately damaged.
The shadow imp hits you. The hornet zombie hits you!
* * * LOW HITPOINT WARNING * * *
Unknown command.
The shadow imp gestures at you. Pain shoots through your body!
* * * LOW HITPOINT WARNING * * *
It was a potion of brilliance.
You feel clever all of a sudden. The hornet zombie hits you!
You die...

.# ##... .# ##.. ##.. ##
##...# ##. # #...... ## #
##....... # ##........ #
### ##.>....... #####.##
#.).5.)...#
.......########.@Z......#
.......................##
#
)........####..........#
#
....).....#######.....##
# ...).......## #.....# #
...).)......# #....## #
............# ##..## #
.............# .## #
........(....# #


You could see a shadow imp and a hornet zombie.

Vanquished Creatures
  Prince Ribbit (D:6)
  Edmund (D:6)
  An orc warrior (D:6)
  A sky beast (D:5)
  A necrophage (D:6)
  4 ogres
  A scorpion (D:6)
  A howler monkey (D:5)
  A centaur skeleton (D:6)
  A jelly (D:5)
  5 orc wizards
  A hound (D:5)
  2 orc priests
  6 gnolls
  A worker ant zombie (D:5)
  9 adders
  A shadow imp (D:5)
  An ooze (D:2)
  An adder zombie (D:5)
  An adder skeleton (D:4)
  3 worms
  4 dart slugs
  3 leopard geckos
  17 orcs
  6 bats
  7 giant cockroaches
  2 goblins
  9 hobgoblins
  5 jackals
  3 quokkas
  A ball python (D:3)
  6 frilled lizards
  A jackal skeleton (D:4)
  A jackal zombie (D:6)
  2 kobolds
  6 rats
117 creatures vanquished.

Notes
Turn   | Place    | Note
-------+----------+-------------------------------------------
     0 | D:1      | CheiIsBae the Draconian Ice Elementalist began the quest
                  | for the Orb.
     0 | D:1      | Reached XP level 1. HP: 14/14 MP: 3/3
   403 | D:1      | Reached XP level 2. HP: 15/20 MP: 0/5
   959 | D:2      | Reached XP level 3. HP: 14/26 MP: 0/6
  1199 | D:2      | Learned a level 2 spell: Throw Frost
  1358 | D:2      | Reached XP level 4. HP: 27/33 MP: 1/8
  2100 | D:2      | Found a hide-covered altar of Uskayaw.
  2377 | D:3      | Reached XP level 5. HP: 38/38 MP: 3/9
  2592 | D:3      | Learned a level 4 spell: Throw Icicle
  3402 | D:4      | Noticed an ogre
  3412 | D:4      | Killed an ogre
  3412 | D:4      | Reached XP level 6. HP: 42/45 MP: 2/11
  3523 | D:4      | Paralysed by an orc wizard for 4 turns
  3534 | D:4      | Paralysed by an orc wizard for 2 turns
  3541 | D:4      | Reached skill level 5 in Ice Magic
  3709 | D:4      | Learned a level 4 spell: Summon Ice Beast
  3737 | D:4      | Found a glowing silver altar of Zin.
  3767 | D:4      | Found a staircase to the Ecumenical Temple.
  3808 | Temple   | Entered the Ecumenical Temple
  3861 | Temple   | Became a worshipper of Vehumet
  4018 | D:4      | Found a stormy altar of Qazlal.
  4442 | D:5      | Entered Level 5 of the Dungeon
  4450 | D:5      | Your scales start taking on a lurid green colour.
  4450 | D:5      | Reached XP level 7. HP: 46/50 MP: 9/12
  4450 | D:5      | Gained mutation: Your system is resistant to poisons.
                  | (rPois) [Green Draconian growth]
  4657 | D:5      | Reached skill level 5 in Conjurations
  5309 | D:5      | Found a hazy altar of Hepliaklqana.
  5419 | D:6      | Noticed Prince Ribbit
  5730 | D:6      | Reached XP level 8. HP: 40/56 MP: 11/15
  5927 | D:6      | Noticed Edmund
  5935 | D:6      | Killed Edmund
  5935 | D:6      | Reached skill level 1 in Summonings
  6109 | D:6      | Got a warped spear
  6110 | D:6      | Identified the +1 spear of Pushred {venom, MP+9 Dex+7} (You
                  | found it on level 6 of the Dungeon)
  6277 | D:6      | Found a basalt altar of Yredelemnul.
  6282 | D:6      | Found a white marble altar of Elyvilon.
  6282 | D:6      | Found an iron altar of Okawaru.
  6439 | D:6      | Found a sacrificial altar of Ru.
  6511 | D:6      | HP: 1/57 [Prince Ribbit (12)]
  6513 | D:6      | Killed Prince Ribbit
  6513 | D:6      | Reached skill level 5 in Spellcasting
  6835 | D:6      | Reached * piety under Vehumet
  6835 | D:6      | Offered knowledge of Shock by Vehumet.
  6981 | D:6      | HP: 2/57 [shadow imp/nerve-wracking pain (13)]
  6982 | D:6      | Slain by a hornet zombie

Vault maps used:
D:1:      dpeg_arrival_court, columned_hall_lemuel
D:2:      lemuel_coloured_pillars_altar
D:3:      nrook_loot_triangle
D:4:      nicolae_overflow_hidden_temple, nicolae_qazlal_general_emergency,
          temple_green, chequers_ossuary_entry_cave, kennysheep_potato
D:5:      lemuel_round_altar, first_ration
D:6:      minitemple, nicolae_ru_path_of_blood, uniq_edmund, uniq_prince_ribbit1
Temple:   minmay_temple_bridge_abc

Skill      XL: |  1  2  3  4  5  6  7  8 |
---------------+-------------------------+-----
Ice Magic      | 4 5 6 |  6.7
Conjurations   | 2 3 4 6 |  6.9
Spellcasting   | 3 4 5 |  5.1
Summonings     | 1 |  1.5
Dodging        | |  1.7
Stealth        | |  1.7

Action                   |  1- 3 |  4- 6 |  7- 9 || total
-------------------------+-------+-------+-------++-------
Melee: Unarmed           |    21 |    34 |    70 ||   125
       Tailslap          |     4 |     2 |    14 ||    20
       Spear             |       |       |     8 ||     8
 Cast: Freeze            |    53 |    99 |    44 ||   196
       Throw Frost       |       |    37 |    26 ||    63
       Throw Icicle      |       |     1 |    14 ||    15
 Abil: Breathe Noxious F |       |       |     5 ||     5
  Use: Scroll            |     4 |     1 |       ||     5
       Potion            |       |     3 |     2 ||     5
 Stab: Invisible         |       |     2 |       ||     2
  Eat: Chunk             |     1 |    11 |     2 ||    14
       Ration            |       |       |     3 ||     3
Armor: Skin              |    18 |    36 |    35 ||    89
Dodge: Dodged            |    56 |    75 |    75 ||   206

Table legend:
 A = Non-vault XP
 B = Vault XP
 C = Vault XP percentage of total XP
 D = Non-vault monster count
 E = Vault monster count
 F = Vault count percentage of total count
                 A         B        C        D         E       F
            +---------+---------+-------+---------+---------+-------
      Total |    1759 |     423 |  19.4 |     115 |       2 |   1.7
            +---------+---------+-------+---------+---------+-------
        D:1 |      24 |       0 |   0.0 |      12 |       0 |   0.0
        D:2 |     139 |       0 |   0.0 |      24 |       0 |   0.0
        D:3 |     142 |       0 |   0.0 |      30 |       0 |   0.0
        D:4 |     410 |       0 |   0.0 |      21 |       0 |   0.0
        D:5 |     567 |       0 |   0.0 |      17 |       0 |   0.0
        D:6 |     477 |     423 |  47.0 |      11 |       2 |  15.4
            +---------+---------+-------+---------+---------+-------
